 Dungeon Crawl Stone Soup version 0.21-a0-426-g98080a9 (webtiles) character file.

65 theanonym the Poker (level 4, 0/34 HPs)
             Began as a Merfolk Gladiator on Nov 5, 2017.
             Slain by an ogre
             ... wielding a +0 giant club
              (22 damage)
             ... on level 3 of the Dungeon.
             The game lasted 00:03:46 (2087 turns).

theanonym the Poker (Merfolk Gladiator)             Turns: 2087, Time: 00:03:47

Health: 0/34       AC:  4    Str: 14    XL:     4   Next: 14%
Magic:  4/4        EV: 14    Int:  7    God:
Gold:   63         SH:  0    Dex: 16    Spells: 3/3 levels left

rFire    . . .     SeeInvis .   a - +0 trident
rCold    . . .     Gourm    .   (no shield)
rNeg     . . .     Faith    .   b - +0 leather armour
rPois    .         Spirit   .   c - +0 helmet
rElec    .         Reflect  .   x - scarf {repulsion}
rCorr    .         Harm     .   (no gloves)
MR       .....                  (no boots)
Stlth    ..........             A - amulet of regeneration
HPRegen  0.51/turn              e - ring of loudness (curse)
MPRegen  0.09/turn              (no ring)

@: repel missiles
A: change form in water, swift swim, stealthy swim
a: no special abilities


You were on level 3 of the Dungeon.
You were not hungry.

You visited 1 branch of the dungeon, and saw 3 of its levels.

You collected 63 gold pieces.

Inventory:

Hand Weapons
 a - a +0 trident (weapon)
Missiles
 d - 3 throwing nets (quivered)
 g - 21 poisoned needles
Armour
 b - a +0 leather armour (worn)
 c - a +0 helmet (worn)
 x - a scarf of repulsion (worn)
   (You found it on level 2 of the Dungeon)
Jewellery
 e - a cursed ring of loudness (left hand)
   (You found it on level 1 of the Dungeon)
 A - an amulet of regeneration (around neck)
   (You found it on level 2 of the Dungeon)
Scrolls
 i - 3 scrolls of identify {unknown}
 k - a scroll of random uselessness {unknown}
 n - a scroll of immolation {unknown}
 p - a scroll of remove curse {unknown}
 r - a scroll of recharging {unknown}
 v - a scroll of teleportation {unknown}
 y - a scroll of magic mapping {unknown}
Potions
 j - a potion of curing
 l - a potion of brilliance {unknown}
 m - a potion of lignification {unknown}
 o - a potion of resistance {unknown}
 s - a potion of heal wounds {unknown}
 t - a potion of degeneration {unknown}
 w - 2 potions of mutation {unknown}
 z - a potion of haste {unknown}
Comestibles
 f - 3 bread rations
 h - a meat ration
 q - 3 chunks of flesh
 u - 2 royal jellies


   Skills:
 + Level 2.9 Fighting
 * Level 5.7 Polearms
 - Level 2.4 Throwing
 + Level 4.6 Dodging


You had 3 spell levels left.
You didn't know any spells.

Dungeon Overview and Level Annotations

Branches:
Dungeon (3/15)

Altars:
Fedhas
Hepliaklqana
Vehumet
Wu Jian
Xom


Message History

You start resting.
Health restored: 34
Found an escape hatch in the ceiling.
A goblin comes into view.
The goblin shouts!
There is an escape hatch in the ceiling here.
A goblin is nearby!
A goblin is nearby!
A goblin is nearby!
A goblin is nearby!
A bat comes into view.
Attack whom?
Aim: a goblin You reach to attack!
You puncture the goblin!
You kill the goblin!
Attack whom?
Aim: a bat You reach to attack!
You hit the bat. The bat misses you.
Attack whom?
Aim: a bat (severely wounded)
You reach to attack!
You hit the bat.
You kill the bat!
No target in view!
No target in view!
No target in view!
You butcher the bat corpse.
q - 2 chunks of flesh (gained 1)
You butcher the goblin corpse.
q - 4 chunks of flesh (gained 2)
You see here a goblin skeleton. x2
A goblin comes into view. It is wielding a club.
The goblin shouts!
A goblin is nearby!
A goblin is nearby!
A goblin is nearby!
A goblin is nearby!
A goblin is nearby!
Attack whom?
Aim: a goblin, wielding a club You reach to attack!
You closely miss the goblin. You hit the goblin.
You kill the goblin!
No target in view!
No target in view!
No target in view!
You see here a club.
You see here a club.
You now have 63 gold pieces (gained 12).
u - 2 royal jellies (gained 1)
Found a bread ration.
An orc priest comes into view. It is wielding a dagger.
An orc priest is nearby!
An orc priest is nearby!
An orc priest is nearby!
An orc priest is nearby!
The orc priest shouts!
You hear a shout! x3
A goblin and an orc come into view.
You found a teleport trap!
The orc shouts!
The goblin shouts!
You enter a teleport trap!
The teleport trap disappears.
Your surroundings suddenly seem different.
No target in view!
No target in view!
No target in view!
No target in view!
There is an escape hatch in the ceiling here.
You see here a goblin skeleton.
A kobold comes into view. It is wielding a short sword.
The kobold shouts!
Attack whom?
Aim: a kobold, wielding a short sword You reach to attack!
You barely miss the kobold.
An ogre comes into view. It is wielding a giant club.
The ogre shouts!
You puncture the kobold!
You kill the kobold!
Attack whom?
Aim: an ogre, wielding a giant club You reach to attack!
You hit the ogre. You hit the ogre. The ogre misses you.
You hit the ogre. The ogre barely misses you.
You barely miss the ogre.
The goblin shouts!
You puncture the ogre! The ogre misses you.
You hit the ogre but do no damage. The ogre hits you with a giant club!!
Ouch! That really hurt!
* * * LOW HITPOINT WARNING * * *
You take 20 damage, and have 14/34 hp.
MASSIVE DAMAGE!!
Okay, then.
Some of the chunks of flesh in your inventory have rotted away.
You puncture the ogre! The ogre hits you with a giant club!
* * * LOW HITPOINT WARNING * * *
You take 14 damage, and have 12/34 hp.
MASSIVE DAMAGE!!
Attack whom?
Aim: an ogre, wielding a giant club (severely wounded)
You reach to attack!
You hit the ogre. You hit the ogre. The ogre closely misses you.
You hit the ogre but do no damage. The ogre hits you with a giant club!!
Ouch! That really hurt!
You die...

#.....#.####.#.#.#
#.....#.#..).#.#.#
#.....#.#.#..#.#.#
#....<#.#.#..#.#.#
#.....#.#.#..#.#.#
#.....#.#.#.##.#g#
#######.#.####.#.#
#.#......#.#
#@########.#
#.Og.......#
############


You could see an ogre and a goblin.

Vanquished Creatures
  2 adders
  An ooze (D:2)
  A worm (D:2)
  A dart slug (D:2)
  A leopard gecko (D:2)
  4 bats
  A giant cockroach (D:2)
  8 goblins
  5 hobgoblins
  2 jackals (D:2)
  A ball python (D:1)
  2 frilled lizards (D:1)
  5 kobolds
  4 rats
38 creatures vanquished.

Notes
Turn   | Place    | Note
-------+----------+-------------------------------------------
     0 | D:1      | theanonym the Merfolk Gladiator began the quest for the Orb.
     0 | D:1      | Reached XP level 1. HP: 16/16 MP: 1/1
   313 | D:1      | Reached XP level 2. HP: 23/23 MP: 2/2
   734 | D:2      | Found a radiant altar of Vehumet.
   734 | D:2      | Found a shimmering altar of Xom.
   856 | D:2      | Reached skill level 5 in Polearms
  1110 | D:2      | Reached XP level 3. HP: 20/28 MP: 3/3
  1561 | D:2      | Found a hazy altar of Hepliaklqana.
  1564 | D:2      | Found a blossoming altar of Fedhas.
  1567 | D:2      | Found an ornate altar of the Wu Jian Council.
  1823 | D:3      | Reached XP level 4. HP: 17/34 MP: 4/4
  2035 | D:3      | Noticed an ogre
  2087 | D:3      | Slain by an ogre

Vault maps used:
D:1:      sevenhm_arrival_forest_fort_large_4, minmay_misc_feat_ornament
D:2:      grunt_temple_overflow_diamond,
          chequers_temple_overflow_statue_of_worship, minmay_tromino_v7
D:3:      first_bread, okawaru_metal_pillars_3, uniq_crazy_yiuf_cottage

Skill      XL: |  1  2 |
---------------+-------+-----
Polearms       | 5 |  5.7
Fighting       | |  2.9
Throwing       | |  2.4
Dodging        | |  4.6

Action                   |  1- 3 |  4- 6 || total
-------------------------+-------+-------++-------
Melee: Trident           |   123 |    17 ||   140
  Use: Potion            |     1 |       ||     1
 Stab: Sleeping          |     2 |       ||     2
  Eat: Meat ration       |     1 |       ||     1
Armor: Leather armour    |    24 |       ||    24
Dodge: Dodged            |    68 |     5 ||    73
       Deflected         |     3 |       ||     3

Table legend:
 A = Spawn XP
 B = Non-spawn XP
 C = Spawn XP percentage of total XP
 D = Spawn monster count
 E = Non-spawn monster count
 F = Spawn count percentage of total count
 G = Total turns spent on level
                    A         B        C        D         E        F      G
               +---------+---------+-------+---------+---------+-------+---------
         Total |       0 |      94 |   0.0 |       0 |      38 |   0.0 |  2087
               +---------+---------+-------+---------+---------+-------+---------
           D:1 |       0 |      17 |   0.0 |       0 |      12 |   0.0 |   962
           D:2 |       0 |      58 |   0.0 |       0 |      21 |   0.0 |   845
           D:3 |       0 |      19 |   0.0 |       0 |       5 |   0.0 |   280
               +---------+---------+-------+---------+---------+-------+---------
